[ AOE2 MATCH · #499172403 ]
UnrankedPoles vs Persians
[ REPLAY ANALYSIS · EXTRACTED FROM THE RECORDED GAME ]
Feudal
14:24
Castle
18:30
Imperial
—
| APM avg | 40.7 |
| APM peak | 80 |
| eAPM avg | 24.0 |
| Villagers / military | 86 / 18 |
Focus
⚔️ 35.6% · 🌾 64.4%
Scout Cavalry ×16 · Fishing Ship ×12 · Unknown (2626) ×4 · Monk ×1 · Knight ×1
Feudal
14:09
Castle
17:25
Imperial
—
| APM avg | 37.5 |
| APM peak | 65 |
| eAPM avg | 19.4 |
| Villagers / military | 66 / 13 |
Focus
⚔️ 27.8% · 🌾 72.2%
Fishing Ship ×12 · Mangonel ×6 · Camel Scout ×5 · Knight ×2
Feudal
13:29
Castle
17:11
Imperial
—
| APM avg | 50.0 |
| APM peak | 96 |
| eAPM avg | 27.1 |
| Villagers / military | 132 / 22 |
Focus
⚔️ 27.3% · 🌾 72.7%
Fishing Ship ×24 · Kamayuk ×17 · Fire Galley ×5 · Unknown (2626) ×3
Feudal
15:16
Castle
19:54
Imperial
—
| APM avg | 46.5 |
| APM peak | 63 |
| eAPM avg | 29.4 |
| Villagers / military | 89 / 12 |
Focus
⚔️ 30.4% · 🌾 69.6%
Fishing Ship ×11 · Fire Galley ×10 · Spearman ×2
Feudal
13:34
Castle
17:20
Imperial
—
| APM avg | 55.5 |
| APM peak | 97 |
| eAPM avg | 33.0 |
| Villagers / military | 77 / 27 |
Focus
⚔️ 34.9% · 🌾 65.1%
Kipchak ×25 · Fishing Ship ×10 · Mangonel ×1 · Scorpion ×1 · Unknown (2626) ×1
Feudal
13:06
Castle
17:05
Imperial
—
| APM avg | 51.4 |
| APM peak | 83 |
| eAPM avg | 24.0 |
| Villagers / military | 65 / 19 |
Focus
⚔️ 32.4% · 🌾 67.6%
Genoese Crossbowman ×13 · Fishing Ship ×9 · Unknown (2626) ×5 · Mangonel ×3 · Monk ×2 · Battering Ram ×1
Feudal
12:22
Castle
19:40
Imperial
—
| APM avg | 48.1 |
| APM peak | 83 |
| eAPM avg | 31.7 |
| Villagers / military | 95 / 5 |
Focus
⚔️ 16.6% · 🌾 83.4%
Fishing Ship ×12 · Monk ×2 · Fire Galley ×2 · Unknown (2626) ×2 · Camel Scout ×1
Feudal
14:42
Castle
19:07
Imperial
—
| APM avg | 50.4 |
| APM peak | 86 |
| eAPM avg | 28.5 |
| Villagers / military | 76 / 32 |
Focus
⚔️ 38.1% · 🌾 61.9%
Cavalry Archer ×27 · Fishing Ship ×14 · Archer ×2 · Mangonel ×2 · Scorpion ×1
Match map
Initial resources + every placement click. Lines = walls · curves = elevation contours. ◆ gold · ⬟ stone · ● berries · ✦ relic · ◌ wall gap
Your base· Open — unwalled flank
Fynn.F's base· Open — 7t gap
CNZS_CC's base· Open — 3t gap
夏天九号's base· Open — 5t gap
Coriandrum sativum's base· Open — unwalled flank
OX's base· Open — unwalled flank
H萝卜's base· Open — 14t gap
Mai-Naicume's base· Open — unwalled flank
Smoothed initial terrain · ◌ = detected wall gap · hover for details
Inputs per minute
— HeavenlyChorus - - Fynn.F
Build order — HeavenlyChorus
First 150 of 214 actions detected
| 0:26 | Build | Town Center |
| 1:05 | Build | Dock |
| 2:37 | Queue | Villager (Male) |
| 2:39 | Queue | Villager (Male) |
| 2:46 | Queue | Villager (Male) |
| 2:52 | Build | House |
| 2:57 | Queue | Villager (Male) |
| 3:47 | Queue | Villager (Male) |
| 4:06 | Queue | Fishing Ship |
| 4:36 | Build | House |
| 4:53 | Queue | Fishing Ship |
| 4:57 | Queue | Villager (Male) |
| 5:09 | Research | Loom |
| 5:14 | Build | House |
| 5:20 | Queue | Villager (Male) |
| 5:43 | Queue | Villager (Male) |
| 5:55 | Build | Palisade Wall |
| 5:56 | Build | Palisade Wall |
| 6:03 | Queue | Villager (Male) |
| 6:38 | Queue | Fishing Ship |
| 6:41 | Build | House |
| 6:42 | Queue | Villager (Male) |
| 6:48 | Queue | Villager (Male) |
| 7:19 | Queue | Villager (Male) |
| 7:19 | Queue | Fishing Ship |
| 7:43 | Queue | Villager (Male) |
| 7:56 | Build | House |
| 7:58 | Build | House |
| 8:04 | Queue | Villager (Male) |
| 8:15 | Queue | Villager (Male) |
| 8:23 | Build | Palisade Wall |
| 8:25 | Queue | Fishing Ship |
| 8:27 | Queue | Villager (Male) |
| 9:07 | Queue | Fishing Ship |
| 9:08 | Queue | Villager (Male) |
| 9:09 | Queue | Villager (Male) |
| 9:18 | Build | House |
| 9:23 | Queue | Villager (Male) |
| 9:31 | Queue | Villager (Male) |
| 9:54 | Queue | Villager (Male) |
| 9:57 | Queue | Fishing Ship |
| 10:00 | Build | Palisade Wall |
| 10:08 | Build | Palisade Wall |
| 10:20 | Queue | Villager (Male) |
| 10:25 | Queue | Fishing Ship |
| 10:36 | Queue | Villager (Male) |
| 10:51 | Build | House |
| 10:54 | Queue | Villager (Male) |
| 11:04 | Queue | Villager (Male) |
| 11:07 | Build | Dock |
| 11:16 | Build | House |
| 11:36 | Build | Mill |
| 11:47 | Queue | Fishing Ship |
| 11:55 | Build | House |
| 11:56 | Build | House |
| 12:10 | Research | Feudal Age |
| 12:41 | Build | Mining Camp |
| 13:18 | Queue | Villager (Male) |
| 13:41 | Build | Barracks |
| 13:47 | Build | Lumber Camp |
| 14:16 | Queue | Fishing Ship |
| 14:24 | Age | Feudal Age |
| 14:27 | Build | Market |
| 14:38 | Build | Stable |
| 14:44 | Build | Stable |
| 14:52 | Queue | Villager (Male) |
| 15:07 | Queue | Villager (Male) |
| 15:09 | Queue | Fishing Ship |
| 15:15 | Queue | Fishing Ship |
| 15:31 | Build | Mill |
| 15:50 | Research | Castle Age |
| 16:15 | Research | Double-Bit Axe |
| 16:16 | Research | Double-Bit Axe |
| 16:37 | Queue | Scout Cavalry |
| 16:50 | Build | Palisade Gate |
| 16:55 | Research | Tech 906 |
| 16:56 | Queue | Unit 2626 |
| 17:02 | Queue | Scout Cavalry |
| 17:02 | Queue | Scout Cavalry |
| 17:30 | Queue | Scout Cavalry |
| 17:46 | Queue | Scout Cavalry |
| 17:54 | Build | House |
| 18:04 | Queue | Villager (Male) |
| 18:30 | Age | Castle Age |
| 18:32 | Research | Light Cavalry (upgrade) |
| 18:50 | Queue | Villager (Male) |
| 18:55 | Build | Town Center |
| 18:56 | Queue | Villager (Male) |
| 19:03 | Build | Town Center |
| 19:10 | Queue | Scout Cavalry |
| 19:14 | Queue | Villager (Male) |
| 19:20 | Build | Monastery |
| 19:23 | Build | Monastery |
| 19:34 | Research | Bow Saw |
| 19:36 | Research | Wheelbarrow |
| 19:37 | Research | Horse Collar |
| 19:37 | Research | Horse Collar |
| 19:41 | Queue | Villager (Male) |
| 19:56 | Queue | Knight |
| 20:08 | Queue | Villager (Male) |
| 20:24 | Queue | Unit 2626 |
| 20:30 | Queue | Monk |
| 20:36 | Queue | Scout Cavalry |
| 20:39 | Queue | Villager (Male) |
| 21:04 | Queue | Villager (Male) |
| 21:16 | Queue | Scout Cavalry |
| 21:23 | Queue | Villager (Male) |
| 21:26 | Queue | Villager (Male) |
| 21:29 | Queue | Villager (Male) |
| 21:31 | Build | Farm |
| 21:39 | Queue | Scout Cavalry |
| 21:40 | Queue | Villager (Male) |
| 21:44 | Queue | Villager (Male) |
| 21:46 | Queue | Villager (Male) |
| 21:49 | Build | Farm |
| 21:49 | Build | Farm |
| 21:49 | Build | Farm |
| 21:50 | Build | Farm |
| 21:50 | Build | Farm |
| 22:08 | Queue | Villager (Male) |
| 22:14 | Research | Heavy Plow |
| 22:14 | Queue | Villager (Male) |
| 22:14 | Queue | Villager (Male) |
| 22:27 | Queue | Scout Cavalry |
| 22:27 | Queue | Villager (Male) |
| 22:37 | Queue | Unit 2626 |
| 22:37 | Queue | Unit 2626 |
| 22:57 | Queue | Scout Cavalry |
| 22:58 | Queue | Villager (Male) |
| 23:04 | Queue | Villager (Male) |
| 23:20 | Queue | Villager (Male) |
| 23:46 | Queue | Villager (Male) |
| 23:54 | Build | Mill |
| 23:54 | Build | Farm |
| 23:55 | Build | Farm |
| 23:55 | Build | Farm |
| 23:55 | Build | Farm |
| 23:55 | Build | Farm |
| 23:56 | Build | Farm |
| 23:56 | Build | Farm |
| 23:58 | Build | Farm |
| 24:01 | Build | Farm |
| 24:08 | Build | Farm |
| 24:12 | Queue | Villager (Male) |
| 24:17 | Queue | Scout Cavalry |
| 24:19 | Queue | Villager (Male) |
| 24:37 | Queue | Villager (Male) |
| 24:50 | Queue | Villager (Male) |
| 24:53 | Queue | Villager (Male) |
| 24:55 | Queue | Villager (Male) |
Build order — Fynn.F
First 150 of 172 actions detected
| 0:05 | Build | Town Center |
| 0:31 | Build | Dock |
| 1:33 | Build | House |
| 1:36 | Build | Palisade Wall |
| 1:45 | Build | Palisade Wall |
| 2:25 | Queue | Villager (Male) |
| 2:26 | Queue | Villager (Male) |
| 2:26 | Queue | Villager (Male) |
| 2:36 | Queue | Villager (Male) |
| 2:42 | Queue | Fishing Ship |
| 3:16 | Queue | Villager (Male) |
| 3:46 | Build | House |
| 3:53 | Build | House |
| 3:56 | Queue | Villager (Male) |
| 4:34 | Queue | Fishing Ship |
| 4:40 | Queue | Villager (Male) |
| 5:12 | Queue | Villager (Male) |
| 5:19 | Build | House |
| 5:35 | Queue | Fishing Ship |
| 5:37 | Queue | Villager (Male) |
| 5:55 | Queue | Villager (Male) |
| 6:14 | Queue | Fishing Ship |
| 6:25 | Queue | Villager (Male) |
| 6:44 | Queue | Villager (Male) |
| 6:54 | Build | House |
| 6:57 | Queue | Fishing Ship |
| 7:08 | Queue | Villager (Male) |
| 7:26 | Queue | Fishing Ship |
| 7:31 | Queue | Villager (Male) |
| 8:05 | Build | House |
| 8:06 | Queue | Villager (Male) |
| 8:18 | Build | House |
| 8:20 | Queue | Fishing Ship |
| 8:21 | Queue | Villager (Male) |
| 8:29 | Research | Loom |
| 8:33 | Build | House |
| 8:35 | Queue | Villager (Male) |
| 8:58 | Build | Palisade Wall |
| 9:10 | Build | House |
| 9:19 | Queue | Villager (Male) |
| 9:37 | Build | Lumber Camp |
| 9:38 | Queue | Villager (Male) |
| 9:45 | Queue | Villager (Male) |
| 10:00 | Build | Palisade Wall |
| 10:04 | Queue | Villager (Male) |
| 10:09 | Build | Dock |
| 10:30 | Build | Palisade Wall |
| 10:32 | Queue | Villager (Male) |
| 10:56 | Queue | Villager (Male) |
| 11:15 | Queue | Villager (Male) |
| 11:17 | Queue | Fishing Ship |
| 11:23 | Build | Palisade Wall |
| 11:25 | Build | Palisade Wall |
| 11:26 | Build | Palisade Wall |
| 11:34 | Build | Palisade Wall |
| 11:36 | Build | Palisade Wall |
| 11:38 | Build | Palisade Wall |
| 11:39 | Queue | Villager (Male) |
| 11:46 | Build | Mill |
| 11:47 | Queue | Fishing Ship |
| 11:49 | Queue | Fishing Ship |
| 11:51 | Build | House |
| 11:54 | Research | Feudal Age |
| 12:00 | Build | Mining Camp |
| 12:11 | Build | House |
| 12:12 | Build | House |
| 12:35 | Queue | Fishing Ship |
| 12:35 | Queue | Fishing Ship |
| 13:10 | Build | House |
| 13:13 | Build | Palisade Wall |
| 14:02 | Queue | Villager (Male) |
| 14:09 | Age | Feudal Age |
| 14:11 | Build | Market |
| 14:16 | Build | Blacksmith |
| 14:19 | Build | Palisade Wall |
| 14:36 | Research | Town Watch |
| 15:00 | Research | Castle Age |
| 15:00 | Research | Castle Age |
| 15:22 | Research | Double-Bit Axe |
| 15:49 | Build | Barracks |
| 16:13 | Queue | Villager (Male) |
| 16:42 | Build | Stable |
| 16:46 | Research | Scale Barding Armor |
| 16:48 | Build | House |
| 16:57 | Research | Tech 906 |
| 17:08 | Queue | Villager (Male) |
| 17:22 | Build | House |
| 17:25 | Age | Castle Age |
| 17:27 | Queue | Knight |
| 17:30 | Build | Siege Workshop |
| 17:37 | Build | House |
| 17:39 | Build | House |
| 17:40 | Build | House |
| 17:47 | Queue | Camel Scout |
| 17:48 | Queue | Villager (Male) |
| 18:00 | Queue | Villager (Male) |
| 18:00 | Queue | Camel Scout |
| 18:05 | Build | House |
| 18:23 | Build | Palisade Wall |
| 18:44 | Queue | Mangonel |
| 18:46 | Queue | Villager (Male) |
| 19:01 | Queue | Knight |
| 19:18 | Build | Town Center |
| 19:25 | Queue | Villager (Male) |
| 19:52 | Queue | Villager (Male) |
| 19:58 | Queue | Villager (Male) |
| 20:00 | Build | Monastery |
| 20:10 | Build | Farm |
| 20:22 | Build | Farm |
| 20:44 | Build | Farm |
| 20:57 | Queue | Villager (Male) |
| 20:58 | Build | Farm |
| 21:04 | Build | Farm |
| 21:10 | Queue | Villager (Male) |
| 21:18 | Queue | Villager (Male) |
| 21:20 | Queue | Villager (Male) |
| 21:30 | Queue | Villager (Male) |
| 21:34 | Build | Farm |
| 21:36 | Build | Farm |
| 21:38 | Queue | Villager (Male) |
| 21:52 | Build | Farm |
| 22:16 | Queue | Villager (Male) |
| 22:22 | Queue | Villager (Male) |
| 22:23 | Queue | Mangonel |
| 22:24 | Queue | Villager (Male) |
| 22:28 | Build | Mining Camp |
| 22:35 | Queue | Villager (Male) |
| 22:59 | Queue | Villager (Male) |
| 23:05 | Queue | Villager (Male) |
| 23:18 | Queue | Villager (Male) |
| 23:19 | Queue | Camel Scout |
| 23:40 | Queue | Camel Scout |
| 23:46 | Build | Farm |
| 23:46 | Build | Farm |
| 23:51 | Build | Farm |
| 23:51 | Build | Farm |
| 24:02 | Queue | Villager (Male) |
| 24:13 | Build | Farm |
| 24:18 | Queue | Villager (Male) |
| 24:32 | Queue | Villager (Male) |
| 24:50 | Queue | Villager (Male) |
| 24:53 | Build | Lumber Camp |
| 24:54 | Build | Farm |
| 24:58 | Build | Farm |
| 25:01 | Queue | Villager (Male) |
| 25:02 | Queue | Villager (Male) |
| 25:13 | Queue | Villager (Male) |
| 25:18 | Queue | Mangonel |
| 25:23 | Queue | Villager (Male) |
| 25:59 | Queue | Villager (Male) |
Build order — CNZS_CC
First 150 of 288 actions detected
| 0:13 | Build | Town Center |
| 0:47 | Build | Dock |
| 0:58 | Build | House |
| 2:30 | Queue | Villager (Male) |
| 2:30 | Queue | Villager (Male) |
| 2:30 | Queue | Villager (Male) |
| 2:38 | Queue | Villager (Male) |
| 2:38 | Queue | Villager (Male) |
| 3:55 | Queue | Villager (Male) |
| 3:55 | Queue | Villager (Male) |
| 3:59 | Queue | Fishing Ship |
| 4:35 | Queue | Villager (Male) |
| 4:35 | Queue | Villager (Male) |
| 4:47 | Queue | Fishing Ship |
| 5:01 | Queue | Villager (Male) |
| 5:01 | Queue | Villager (Male) |
| 5:17 | Queue | Villager (Male) |
| 5:41 | Build | House |
| 5:47 | Queue | Villager (Male) |
| 5:47 | Queue | Villager (Male) |
| 6:12 | Queue | Villager (Male) |
| 6:14 | Queue | Fishing Ship |
| 6:32 | Queue | Villager (Male) |
| 6:32 | Queue | Villager (Male) |
| 6:34 | Queue | Fishing Ship |
| 6:34 | Queue | Fishing Ship |
| 6:55 | Queue | Villager (Male) |
| 7:15 | Queue | Fishing Ship |
| 7:16 | Queue | Fishing Ship |
| 7:16 | Queue | Villager (Male) |
| 7:24 | Build | House |
| 7:26 | Build | House |
| 7:34 | Queue | Villager (Male) |
| 7:34 | Queue | Villager (Male) |
| 8:11 | Queue | Villager (Male) |
| 8:12 | Queue | Fishing Ship |
| 8:12 | Queue | Fishing Ship |
| 8:19 | Build | House |
| 8:32 | Build | Settlement |
| 8:37 | Queue | Villager (Male) |
| 8:56 | Queue | Villager (Male) |
| 9:05 | Queue | Fishing Ship |
| 9:13 | Queue | Villager (Male) |
| 9:26 | Queue | Fishing Ship |
| 9:27 | Queue | Fishing Ship |
| 9:41 | Queue | Villager (Male) |
| 9:53 | Queue | Fishing Ship |
| 10:21 | Queue | Fishing Ship |
| 10:28 | Build | Dock |
| 10:29 | Queue | Villager (Male) |
| 10:53 | Queue | Villager (Male) |
| 11:09 | Queue | Fishing Ship |
| 11:09 | Queue | Fishing Ship |
| 11:18 | Research | Feudal Age |
| 11:29 | Build | Palisade Wall |
| 11:33 | Build | Palisade Wall |
| 11:36 | Build | Palisade Gate |
| 11:39 | Queue | Fishing Ship |
| 11:39 | Queue | Fishing Ship |
| 11:50 | Queue | Fishing Ship |
| 12:12 | Build | Palisade Wall |
| 12:13 | Build | Palisade Wall |
| 12:15 | Build | Palisade Wall |
| 12:17 | Build | Palisade Wall |
| 12:27 | Build | Palisade Wall |
| 12:33 | Build | Palisade Wall |
| 12:34 | Build | Palisade Wall |
| 12:36 | Build | Palisade Wall |
| 12:56 | Queue | Fishing Ship |
| 12:57 | Queue | Fishing Ship |
| 13:29 | Age | Feudal Age |
| 13:31 | Build | Market |
| 13:33 | Build | Blacksmith |
| 13:33 | Queue | Villager (Male) |
| 13:35 | Queue | Villager (Male) |
| 13:44 | Queue | Fire Galley |
| 13:59 | Queue | Fire Galley |
| 13:59 | Queue | Fire Galley |
| 14:01 | Build | Palisade Wall |
| 14:02 | Build | Palisade Wall |
| 14:04 | Build | Palisade Wall |
| 14:31 | Research | Castle Age |
| 14:52 | Queue | Fire Galley |
| 15:16 | Queue | Fire Galley |
| 15:18 | Research | Double-Bit Axe |
| 15:18 | Research | Double-Bit Axe |
| 15:27 | Queue | Villager (Male) |
| 15:40 | Queue | Unit 2626 |
| 16:04 | Queue | Villager (Male) |
| 16:06 | Build | Settlement |
| 16:15 | Queue | Unit 2626 |
| 16:32 | Build | Dock |
| 16:40 | Research | Tech 906 |
| 16:40 | Research | Tech 906 |
| 16:51 | Queue | Villager (Male) |
| 17:09 | Queue | Unit 2626 |
| 17:11 | Age | Castle Age |
| 17:12 | Research | War Galley (upgrade) |
| 17:17 | Research | Bow Saw |
| 17:17 | Research | Bow Saw |
| 17:20 | Queue | Villager (Male) |
| 18:08 | Queue | Villager (Male) |
| 18:09 | Build | Town Center |
| 18:28 | Queue | Villager (Male) |
| 18:36 | Queue | Villager (Male) |
| 18:41 | Build | Town Center |
| 18:44 | Queue | Villager (Male) |
| 18:52 | Queue | Villager (Male) |
| 18:57 | Research | Loom |
| 18:57 | Research | Wheelbarrow |
| 18:57 | Research | Wheelbarrow |
| 18:58 | Research | Town Watch |
| 18:58 | Research | Town Watch |
| 19:00 | Queue | Villager (Male) |
| 19:09 | Queue | Villager (Male) |
| 19:11 | Queue | Villager (Male) |
| 19:12 | Queue | Villager (Male) |
| 19:12 | Queue | Villager (Male) |
| 19:23 | Queue | Villager (Male) |
| 19:37 | Build | House |
| 19:38 | Build | House |
| 19:43 | Queue | Villager (Male) |
| 19:58 | Build | Dock |
| 20:04 | Queue | Villager (Male) |
| 20:07 | Queue | Villager (Male) |
| 20:08 | Queue | Villager (Male) |
| 20:13 | Research | Horse Collar |
| 20:13 | Research | Horse Collar |
| 20:35 | Queue | Villager (Male) |
| 20:36 | Queue | Villager (Male) |
| 20:52 | Queue | Villager (Male) |
| 20:59 | Build | Farm |
| 20:59 | Build | Farm |
| 20:59 | Build | Farm |
| 21:00 | Build | Farm |
| 21:02 | Build | Farm |
| 21:18 | Queue | Villager (Male) |
| 21:23 | Build | Town Center |
| 21:26 | Build | Palisade Wall |
| 21:27 | Build | House |
| 21:29 | Build | Palisade Wall |
| 21:33 | Queue | Villager (Male) |
| 21:36 | Queue | Villager (Male) |
| 21:57 | Queue | Villager (Male) |
| 22:00 | Queue | Villager (Male) |
| 22:04 | Build | Town Center |
| 22:06 | Queue | Villager (Male) |
| 22:14 | Build | Farm |
| 22:15 | Build | Farm |
| 22:15 | Build | Farm |
Build order — 夏天九号
First 150 of 232 actions detected
| 0:15 | Build | Town Center |
| 0:19 | Build | Town Center |
| 0:59 | Build | Dock |
| 1:02 | Build | House |
| 2:35 | Queue | Villager (Male) |
| 2:36 | Queue | Villager (Male) |
| 2:36 | Queue | Villager (Male) |
| 2:36 | Queue | Villager (Male) |
| 3:28 | Research | Loom |
| 3:28 | Queue | Villager (Male) |
| 3:28 | Queue | Villager (Male) |
| 3:44 | Build | House |
| 3:53 | Research | Loom |
| 3:54 | Research | Loom |
| 3:59 | Queue | Fishing Ship |
| 3:59 | Queue | Fishing Ship |
| 4:08 | Build | House |
| 4:18 | Queue | Villager (Male) |
| 4:24 | Build | House |
| 4:59 | Queue | Fishing Ship |
| 5:11 | Build | House |
| 5:19 | Queue | Villager (Male) |
| 5:38 | Queue | Villager (Male) |
| 5:38 | Queue | Villager (Male) |
| 5:49 | Build | Palisade Wall |
| 5:52 | Build | Palisade Wall |
| 5:57 | Build | Palisade Wall |
| 5:57 | Build | Palisade Wall |
| 5:58 | Build | Palisade Wall |
| 6:00 | Build | Palisade Wall |
| 6:00 | Build | Palisade Wall |
| 6:04 | Build | Palisade Wall |
| 6:11 | Queue | Villager (Male) |
| 6:31 | Queue | Fishing Ship |
| 6:31 | Queue | Fishing Ship |
| 6:42 | Queue | Villager (Male) |
| 6:59 | Queue | Villager (Male) |
| 6:59 | Queue | Villager (Male) |
| 7:06 | Build | Palisade Wall |
| 7:14 | Build | House |
| 7:26 | Queue | Villager (Male) |
| 7:43 | Queue | Villager (Male) |
| 7:58 | Queue | Fishing Ship |
| 7:58 | Queue | Fishing Ship |
| 8:01 | Build | House |
| 8:28 | Queue | Villager (Male) |
| 8:34 | Queue | Fishing Ship |
| 8:35 | Queue | Villager (Male) |
| 8:35 | Queue | Villager (Male) |
| 9:13 | Queue | Villager (Male) |
| 9:13 | Queue | Villager (Male) |
| 9:31 | Build | Dock |
| 9:38 | Queue | Villager (Male) |
| 9:50 | Queue | Villager (Male) |
| 10:03 | Queue | Villager (Male) |
| 10:05 | Build | Mill |
| 10:18 | Build | House |
| 10:26 | Queue | Villager (Male) |
| 10:43 | Queue | Villager (Male) |
| 10:48 | Build | House |
| 10:56 | Build | House |
| 11:00 | Queue | Villager (Male) |
| 11:03 | Build | Mining Camp |
| 11:19 | Queue | Fishing Ship |
| 11:25 | Queue | Villager (Male) |
| 11:42 | Build | Lumber Camp |
| 11:57 | Queue | Villager (Male) |
| 12:11 | Queue | Fishing Ship |
| 12:32 | Queue | Villager (Male) |
| 12:41 | Queue | Villager (Male) |
| 12:49 | Research | Feudal Age |
| 12:49 | Research | Feudal Age |
| 13:00 | Build | Palisade Wall |
| 13:17 | Queue | Fishing Ship |
| 14:12 | Queue | Villager (Male) |
| 14:15 | Build | Dock |
| 14:18 | Queue | Villager (Male) |
| 14:20 | Build | House |
| 14:22 | Build | House |
| 14:43 | Build | Mill |
| 15:13 | Queue | Villager (Male) |
| 15:16 | Age | Feudal Age |
| 15:17 | Build | Market |
| 15:22 | Build | Blacksmith |
| 15:26 | Queue | Fire Galley |
| 15:26 | Queue | Fire Galley |
| 15:32 | Queue | Fire Galley |
| 15:34 | Queue | Fire Galley |
| 15:38 | Research | Double-Bit Axe |
| 16:01 | Queue | Fire Galley |
| 16:01 | Queue | Fire Galley |
| 16:14 | Queue | Fire Galley |
| 17:05 | Queue | Fire Galley |
| 17:14 | Research | Castle Age |
| 17:23 | Build | House |
| 17:24 | Build | House |
| 18:05 | Queue | Villager (Male) |
| 18:06 | Queue | Villager (Male) |
| 18:10 | Build | Outpost |
| 18:14 | Queue | Villager (Male) |
| 18:38 | Queue | Fire Galley |
| 18:38 | Queue | Fire Galley |
| 18:42 | Research | Gold Mining |
| 18:42 | Research | Gold Mining |
| 18:54 | Research | Tech 906 |
| 18:54 | Research | Tech 906 |
| 19:24 | Queue | Villager (Male) |
| 19:29 | Queue | Villager (Male) |
| 19:33 | Queue | Villager (Male) |
| 19:35 | Build | House |
| 19:36 | Build | House |
| 19:36 | Build | House |
| 19:41 | Queue | Villager (Male) |
| 19:45 | Build | House |
| 19:46 | Build | House |
| 19:49 | Queue | Villager (Male) |
| 19:54 | Age | Castle Age |
| 20:07 | Build | Outpost |
| 20:10 | Queue | Villager (Male) |
| 20:26 | Build | Town Center |
| 20:33 | Build | Outpost |
| 20:35 | Build | House |
| 20:38 | Build | Stone Wall |
| 20:40 | Build | Stone Wall |
| 20:56 | Build | Palisade Wall |
| 20:57 | Build | Palisade Wall |
| 21:04 | Build | Barracks |
| 21:20 | Research | War Galley (upgrade) |
| 21:20 | Research | War Galley (upgrade) |
| 21:36 | Queue | Villager (Male) |
| 21:37 | Queue | Villager (Male) |
| 21:37 | Queue | Villager (Male) |
| 21:55 | Build | House |
| 21:57 | Build | Palisade Wall |
| 22:04 | Build | Gate |
| 22:07 | Queue | Villager (Male) |
| 22:07 | Queue | Villager (Male) |
| 22:16 | Queue | Villager (Male) |
| 22:32 | Build | House |
| 22:33 | Queue | Spearman |
| 22:40 | Queue | Villager (Male) |
| 22:53 | Queue | Villager (Male) |
| 22:57 | Queue | Villager (Male) |
| 23:01 | Build | House |
| 23:03 | Build | House |
| 23:04 | Build | Palisade Wall |
| 23:05 | Build | Palisade Wall |
| 23:09 | Build | Palisade Wall |
| 23:13 | Queue | Villager (Male) |
| 23:14 | Queue | Villager (Male) |
Build order — Coriandrum sativum
First 150 of 176 actions detected
| 0:09 | Build | Town Center |
| 1:24 | Build | Dock |
| 2:33 | Queue | Villager (Male) |
| 2:33 | Queue | Villager (Male) |
| 2:36 | Build | House |
| 2:39 | Queue | Villager (Male) |
| 2:54 | Queue | Villager (Male) |
| 3:49 | Queue | Fishing Ship |
| 4:07 | Build | House |
| 4:09 | Queue | Villager (Male) |
| 4:36 | Queue | Villager (Male) |
| 5:00 | Queue | Villager (Male) |
| 5:14 | Queue | Villager (Male) |
| 5:37 | Queue | Fishing Ship |
| 5:45 | Queue | Villager (Male) |
| 5:52 | Build | House |
| 6:15 | Queue | Villager (Male) |
| 6:29 | Queue | Villager (Male) |
| 6:43 | Queue | Fishing Ship |
| 6:46 | Queue | Villager (Male) |
| 6:58 | Build | House |
| 7:23 | Queue | Villager (Male) |
| 7:25 | Queue | Fishing Ship |
| 7:31 | Queue | Villager (Male) |
| 7:48 | Build | Palisade Wall |
| 7:50 | Queue | Villager (Male) |
| 8:19 | Build | House |
| 8:25 | Queue | Villager (Male) |
| 8:31 | Queue | Fishing Ship |
| 8:53 | Queue | Villager (Male) |
| 9:06 | Build | Dock |
| 9:16 | Research | Loom |
| 9:27 | Queue | Villager (Male) |
| 9:32 | Build | Outpost |
| 9:35 | Build | House |
| 9:46 | Queue | Villager (Male) |
| 9:48 | Build | Palisade Wall |
| 9:50 | Queue | Fishing Ship |
| 9:58 | Queue | Fishing Ship |
| 10:28 | Build | Mining Camp |
| 10:31 | Queue | Villager (Male) |
| 10:41 | Queue | Fishing Ship |
| 10:58 | Queue | Villager (Male) |
| 11:03 | Queue | Fishing Ship |
| 11:07 | Queue | Fishing Ship |
| 11:25 | Research | Feudal Age |
| 11:46 | Build | Mill |
| 11:51 | Build | Mining Camp |
| 11:59 | Queue | Villager (Male) |
| 11:59 | Queue | Villager (Male) |
| 12:10 | Build | Palisade Wall |
| 13:03 | Build | Outpost |
| 13:34 | Age | Feudal Age |
| 13:38 | Build | Blacksmith |
| 13:43 | Build | Market |
| 13:55 | Build | Palisade Wall |
| 14:40 | Research | Castle Age |
| 15:06 | Build | Outpost |
| 15:09 | Build | Lumber Camp |
| 15:35 | Research | Fletching |
| 15:41 | Research | Double-Bit Axe |
| 16:00 | Research | Horse Collar |
| 16:47 | Build | Mining Camp |
| 17:05 | Build | House |
| 17:12 | Queue | Villager (Male) |
| 17:20 | Age | Castle Age |
| 17:24 | Build | Town Center |
| 17:28 | Queue | Villager (Male) |
| 17:52 | Build | Castle |
| 17:57 | Queue | Villager (Male) |
| 18:36 | Queue | Villager (Male) |
| 18:43 | Queue | Villager (Male) |
| 18:53 | Queue | Villager (Male) |
| 19:01 | Queue | Kipchak |
| 19:14 | Queue | Villager (Male) |
| 19:18 | Queue | Kipchak |
| 19:30 | Queue | Villager (Male) |
| 19:36 | Queue | Kipchak |
| 19:43 | Queue | Villager (Male) |
| 19:44 | Queue | Kipchak |
| 20:02 | Queue | Villager (Male) |
| 20:15 | Build | Siege Workshop |
| 20:21 | Queue | Kipchak |
| 20:36 | Research | Bodkin Arrow |
| 20:41 | Queue | Villager (Male) |
| 20:41 | Queue | Villager (Male) |
| 20:52 | Build | House |
| 21:01 | Queue | Kipchak |
| 21:16 | Queue | Villager (Male) |
| 21:16 | Queue | Villager (Male) |
| 21:24 | Build | Town Center |
| 21:29 | Queue | Villager (Male) |
| 21:29 | Queue | Villager (Male) |
| 21:30 | Queue | Kipchak |
| 21:33 | Queue | Scorpion |
| 21:38 | Queue | Villager (Male) |
| 21:53 | Queue | Kipchak |
| 22:05 | Queue | Unit 2626 |
| 22:07 | Queue | Villager (Male) |
| 22:07 | Queue | Villager (Male) |
| 22:25 | Queue | Kipchak |
| 22:26 | Queue | Villager (Male) |
| 22:27 | Queue | Villager (Male) |
| 22:49 | Queue | Villager (Male) |
| 22:50 | Build | Farm |
| 22:51 | Build | Farm |
| 22:53 | Build | Farm |
| 22:59 | Queue | Kipchak |
| 23:15 | Queue | Villager (Male) |
| 23:15 | Queue | Villager (Male) |
| 23:17 | Build | Farm |
| 23:22 | Queue | Kipchak |
| 23:39 | Queue | Villager (Male) |
| 23:47 | Build | Farm |
| 23:54 | Queue | Kipchak |
| 24:05 | Queue | Villager (Male) |
| 24:17 | Queue | Villager (Male) |
| 24:19 | Build | Farm |
| 24:30 | Build | Farm |
| 24:32 | Build | Farm |
| 24:34 | Queue | Kipchak |
| 24:38 | Build | Farm |
| 24:46 | Queue | Villager (Male) |
| 24:46 | Queue | Villager (Male) |
| 24:58 | Queue | Villager (Male) |
| 25:06 | Queue | Kipchak |
| 25:07 | Queue | Villager (Male) |
| 25:07 | Queue | Villager (Male) |
| 25:09 | Build | Farm |
| 25:10 | Build | Farm |
| 25:17 | Queue | Villager (Male) |
| 25:31 | Queue | Villager (Male) |
| 25:31 | Queue | Villager (Male) |
| 25:42 | Queue | Mangonel |
| 25:43 | Queue | Kipchak |
| 25:45 | Queue | Villager (Male) |
| 25:47 | Build | Farm |
| 25:48 | Build | Farm |
| 25:49 | Build | Farm |
| 25:50 | Build | Farm |
| 25:53 | Queue | Villager (Male) |
| 25:58 | Queue | Kipchak |
| 26:03 | Build | Farm |
| 26:10 | Queue | Villager (Male) |
| 26:15 | Queue | Kipchak |
| 26:17 | Queue | Villager (Male) |
| 26:28 | Build | House |
| 26:29 | Build | House |
| 26:32 | Queue | Villager (Male) |
| 26:48 | Queue | Kipchak |
Build order — OX
First 150 of 171 actions detected
| 0:41 | Build | Town Center |
| 0:46 | Build | Town Center |
| 1:37 | Build | Dock |
| 1:39 | Build | House |
| 2:57 | Queue | Villager (Male) |
| 2:58 | Queue | Villager (Male) |
| 2:58 | Queue | Villager (Male) |
| 3:11 | Queue | Villager (Male) |
| 3:52 | Queue | Fishing Ship |
| 4:35 | Queue | Villager (Male) |
| 4:36 | Queue | Villager (Male) |
| 4:40 | Build | House |
| 5:00 | Queue | Villager (Male) |
| 5:24 | Queue | Villager (Male) |
| 5:48 | Queue | Fishing Ship |
| 5:50 | Queue | Villager (Male) |
| 6:12 | Queue | Villager (Male) |
| 6:22 | Build | House |
| 6:44 | Queue | Villager (Male) |
| 6:45 | Queue | Villager (Male) |
| 6:45 | Queue | Fishing Ship |
| 7:07 | Queue | Villager (Male) |
| 7:07 | Queue | Villager (Male) |
| 7:33 | Queue | Villager (Male) |
| 7:35 | Queue | Fishing Ship |
| 7:43 | Build | Palisade Wall |
| 7:44 | Build | Palisade Wall |
| 7:49 | Build | House |
| 7:50 | Queue | Villager (Male) |
| 8:05 | Build | Palisade Wall |
| 8:07 | Build | Palisade Wall |
| 8:17 | Queue | Villager (Male) |
| 8:27 | Queue | Fishing Ship |
| 8:43 | Queue | Villager (Male) |
| 8:43 | Queue | Villager (Male) |
| 8:44 | Queue | Villager (Male) |
| 8:48 | Build | House |
| 9:24 | Queue | Fishing Ship |
| 9:33 | Build | Palisade Wall |
| 9:35 | Build | Palisade Wall |
| 9:48 | Research | Loom |
| 10:15 | Build | Mining Camp |
| 10:16 | Queue | Villager (Male) |
| 10:24 | Build | Palisade Wall |
| 10:49 | Queue | Fishing Ship |
| 10:56 | Research | Feudal Age |
| 11:29 | Queue | Villager (Male) |
| 11:38 | Queue | Fishing Ship |
| 11:46 | Build | Mill |
| 12:12 | Build | House |
| 12:25 | Queue | Villager (Male) |
| 13:06 | Age | Feudal Age |
| 13:09 | Build | Market |
| 13:27 | Queue | Villager (Male) |
| 13:52 | Build | Blacksmith |
| 14:25 | Research | Castle Age |
| 14:26 | Research | Castle Age |
| 15:09 | Build | House |
| 15:24 | Queue | Fishing Ship |
| 15:42 | Build | Dock |
| 16:05 | Build | Lumber Camp |
| 16:36 | Research | Double-Bit Axe |
| 16:36 | Research | Double-Bit Axe |
| 16:46 | Queue | Villager (Male) |
| 16:48 | Research | Fletching |
| 16:48 | Research | Fletching |
| 17:05 | Age | Castle Age |
| 17:11 | Build | Castle |
| 17:18 | Research | Bodkin Arrow |
| 17:22 | Queue | Villager (Male) |
| 17:24 | Research | Bow Saw |
| 17:24 | Research | Bow Saw |
| 17:43 | Research | Tech 906 |
| 17:51 | Queue | Villager (Male) |
| 18:11 | Queue | Unit 2626 |
| 18:14 | Queue | Villager (Male) |
| 18:27 | Queue | Genoese Crossbowman |
| 18:42 | Queue | Villager (Male) |
| 18:42 | Queue | Villager (Male) |
| 18:43 | Queue | Genoese Crossbowman |
| 18:51 | Queue | Villager (Male) |
| 18:55 | Queue | Unit 2626 |
| 19:02 | Queue | Villager (Male) |
| 19:16 | Queue | Genoese Crossbowman |
| 19:20 | Queue | Unit 2626 |
| 19:41 | Queue | Genoese Crossbowman |
| 19:56 | Queue | Genoese Crossbowman |
| 20:13 | Queue | Villager (Male) |
| 20:14 | Queue | Genoese Crossbowman |
| 20:19 | Queue | Genoese Crossbowman |
| 20:24 | Build | Siege Workshop |
| 20:27 | Queue | Villager (Male) |
| 20:35 | Queue | Unit 2626 |
| 20:35 | Queue | Unit 2626 |
| 20:43 | Queue | Genoese Crossbowman |
| 20:56 | Queue | Villager (Male) |
| 20:57 | Build | House |
| 21:20 | Queue | Villager (Male) |
| 21:35 | Build | Town Center |
| 21:36 | Queue | Genoese Crossbowman |
| 21:51 | Queue | Villager (Male) |
| 21:57 | Research | Wheelbarrow |
| 22:23 | Queue | Genoese Crossbowman |
| 22:24 | Queue | Villager (Male) |
| 22:24 | Queue | Villager (Male) |
| 22:36 | Build | Monastery |
| 22:47 | Queue | Mangonel |
| 22:50 | Research | Gold Mining |
| 22:50 | Research | Gold Mining |
| 23:16 | Queue | Villager (Male) |
| 23:16 | Queue | Villager (Male) |
| 23:17 | Queue | Villager (Male) |
| 23:17 | Queue | Villager (Male) |
| 23:41 | Build | House |
| 23:46 | Queue | Battering Ram |
| 24:01 | Queue | Monk |
| 24:18 | Queue | Mangonel |
| 24:22 | Queue | Villager (Male) |
| 24:22 | Queue | Villager (Male) |
| 24:30 | Research | Horse Collar |
| 24:32 | Queue | Genoese Crossbowman |
| 24:38 | Build | House |
| 24:50 | Queue | Villager (Male) |
| 24:52 | Research | Heavy Plow |
| 24:53 | Research | Heavy Plow |
| 24:59 | Queue | Genoese Crossbowman |
| 25:15 | Queue | Villager (Male) |
| 25:16 | Queue | Villager (Male) |
| 25:16 | Queue | Villager (Male) |
| 25:18 | Build | Farm |
| 25:18 | Build | Farm |
| 25:18 | Build | Farm |
| 25:18 | Build | Farm |
| 25:19 | Build | Farm |
| 25:19 | Build | Farm |
| 25:19 | Build | Farm |
| 25:19 | Build | Farm |
| 25:19 | Build | Farm |
| 25:59 | Queue | Mangonel |
| 26:05 | Queue | Villager (Male) |
| 26:05 | Queue | Villager (Male) |
| 26:05 | Queue | Villager (Male) |
| 26:07 | Build | Farm |
| 26:07 | Build | Farm |
| 26:07 | Build | Farm |
| 26:08 | Build | Farm |
| 26:08 | Build | Farm |
| 26:08 | Build | Farm |
| 26:08 | Build | Farm |
| 26:24 | Build | House |
Build order — H萝卜
First 150 of 227 actions detected
| 0:29 | Build | Town Center |
| 0:52 | Build | Dock |
| 0:56 | Build | House |
| 3:02 | Queue | Villager (Male) |
| 3:02 | Queue | Villager (Male) |
| 3:02 | Queue | Villager (Male) |
| 3:03 | Queue | Villager (Male) |
| 3:03 | Queue | Villager (Male) |
| 3:43 | Queue | Fishing Ship |
| 3:43 | Queue | Fishing Ship |
| 4:00 | Queue | Villager (Male) |
| 4:00 | Queue | Villager (Male) |
| 4:38 | Build | House |
| 4:57 | Queue | Villager (Male) |
| 4:57 | Queue | Villager (Male) |
| 5:29 | Queue | Villager (Male) |
| 5:30 | Queue | Villager (Male) |
| 5:40 | Queue | Fishing Ship |
| 5:40 | Queue | Fishing Ship |
| 5:54 | Queue | Villager (Male) |
| 5:54 | Queue | Villager (Male) |
| 5:58 | Build | House |
| 6:20 | Queue | Villager (Male) |
| 6:43 | Queue | Villager (Male) |
| 6:43 | Queue | Villager (Male) |
| 6:43 | Queue | Villager (Male) |
| 6:47 | Queue | Fishing Ship |
| 6:47 | Queue | Fishing Ship |
| 6:54 | Queue | Villager (Male) |
| 6:56 | Build | House |
| 7:11 | Queue | Villager (Male) |
| 7:29 | Queue | Fishing Ship |
| 7:29 | Queue | Fishing Ship |
| 7:29 | Queue | Fishing Ship |
| 7:34 | Queue | Villager (Male) |
| 7:53 | Queue | Villager (Male) |
| 8:07 | Build | Palisade Wall |
| 8:16 | Queue | Villager (Male) |
| 8:16 | Queue | Villager (Male) |
| 8:19 | Build | Palisade Wall |
| 8:55 | Queue | Fishing Ship |
| 9:16 | Build | House |
| 9:18 | Queue | Villager (Male) |
| 9:39 | Queue | Villager (Male) |
| 9:44 | Build | Lumber Camp |
| 10:12 | Research | Feudal Age |
| 10:13 | Research | Feudal Age |
| 10:46 | Build | Mining Camp |
| 11:03 | Build | Dock |
| 11:08 | Research | Loom |
| 11:18 | Build | Palisade Wall |
| 11:26 | Build | Palisade Wall |
| 11:36 | Build | Palisade Wall |
| 11:48 | Build | Palisade Wall |
| 12:02 | Build | Palisade Wall |
| 12:22 | Age | Feudal Age |
| 12:27 | Build | Palisade Gate |
| 12:29 | Build | Palisade Wall |
| 12:32 | Queue | Fire Galley |
| 12:33 | Queue | Fire Galley |
| 12:39 | Build | Palisade Wall |
| 12:43 | Build | Palisade Gate |
| 12:49 | Build | House |
| 12:58 | Build | Palisade Wall |
| 13:06 | Queue | Unit 2626 |
| 13:06 | Queue | Unit 2626 |
| 13:07 | Queue | Villager (Male) |
| 13:08 | Queue | Villager (Male) |
| 13:33 | Research | Double-Bit Axe |
| 13:33 | Research | Double-Bit Axe |
| 13:53 | Queue | Villager (Male) |
| 14:05 | Build | House |
| 14:35 | Queue | Villager (Male) |
| 14:58 | Research | Tech 906 |
| 14:58 | Research | Tech 906 |
| 14:59 | Queue | Fishing Ship |
| 14:59 | Queue | Fishing Ship |
| 15:10 | Queue | Villager (Male) |
| 15:15 | Build | House |
| 15:29 | Build | Mill |
| 15:31 | Queue | Villager (Male) |
| 15:55 | Queue | Villager (Male) |
| 16:17 | Build | Market |
| 16:19 | Build | Blacksmith |
| 16:25 | Research | Town Watch |
| 17:00 | Research | Castle Age |
| 18:03 | Queue | Villager (Male) |
| 18:31 | Research | Horse Collar |
| 19:32 | Build | House |
| 19:33 | Build | House |
| 19:40 | Age | Castle Age |
| 19:44 | Build | Monastery |
| 19:47 | Build | House |
| 19:51 | Build | Palisade Wall |
| 19:53 | Build | Palisade Wall |
| 19:58 | Build | Town Center |
| 20:07 | Queue | Monk |
| 20:08 | Queue | Villager (Male) |
| 20:09 | Queue | Villager (Male) |
| 20:12 | Queue | Villager (Male) |
| 20:18 | Queue | Monk |
| 20:21 | Queue | Villager (Male) |
| 20:32 | Queue | Villager (Male) |
| 20:38 | Build | Town Center |
| 20:55 | Queue | Villager (Male) |
| 20:56 | Queue | Villager (Male) |
| 21:08 | Queue | Villager (Male) |
| 21:12 | Research | Bow Saw |
| 21:12 | Research | Bow Saw |
| 21:13 | Research | Heavy Plow |
| 21:14 | Research | Heavy Plow |
| 21:16 | Build | Farm |
| 21:20 | Build | Farm |
| 21:21 | Build | Farm |
| 21:24 | Queue | Villager (Male) |
| 21:26 | Build | Farm |
| 21:26 | Queue | Villager (Male) |
| 21:30 | Build | Farm |
| 21:43 | Queue | Villager (Male) |
| 21:43 | Queue | Villager (Male) |
| 21:44 | Queue | Villager (Male) |
| 21:47 | Build | Farm |
| 21:47 | Queue | Villager (Male) |
| 21:47 | Queue | Villager (Male) |
| 21:51 | Build | Farm |
| 21:52 | Build | Farm |
| 21:54 | Build | Farm |
| 22:02 | Build | Farm |
| 22:04 | Build | Farm |
| 22:05 | Build | Farm |
| 22:07 | Queue | Villager (Male) |
| 22:08 | Queue | Villager (Male) |
| 22:10 | Build | Farm |
| 22:13 | Build | Farm |
| 22:31 | Build | Town Center |
| 22:41 | Queue | Villager (Male) |
| 22:41 | Queue | Villager (Male) |
| 22:46 | Queue | Villager (Male) |
| 22:46 | Queue | Villager (Male) |
| 22:52 | Queue | Villager (Male) |
| 22:56 | Queue | Villager (Male) |
| 22:57 | Queue | Villager (Male) |
| 23:00 | Queue | Villager (Male) |
| 23:00 | Queue | Villager (Male) |
| 23:03 | Build | Farm |
| 23:04 | Build | Farm |
| 23:05 | Build | Farm |
| 23:13 | Queue | Villager (Male) |
| 23:16 | Queue | Villager (Male) |
| 23:45 | Build | House |
Build order — Mai-Naicume
First 150 of 225 actions detected
| 0:20 | Build | Town Center |
| 0:35 | Build | Town Center |
| 1:19 | Build | Dock |
| 1:21 | Build | House |
| 2:29 | Build | Palisade Wall |
| 2:30 | Build | Palisade Wall |
| 2:44 | Queue | Villager (Male) |
| 2:45 | Queue | Villager (Male) |
| 2:57 | Queue | Villager (Male) |
| 2:59 | Queue | Villager (Male) |
| 3:45 | Queue | Villager (Male) |
| 4:41 | Queue | Fishing Ship |
| 4:46 | Queue | Villager (Male) |
| 4:46 | Queue | Villager (Male) |
| 4:56 | Build | House |
| 5:12 | Queue | Villager (Male) |
| 5:46 | Queue | Villager (Male) |
| 5:52 | Build | House |
| 6:05 | Queue | Villager (Male) |
| 6:05 | Queue | Villager (Male) |
| 6:11 | Queue | Fishing Ship |
| 6:33 | Queue | Villager (Male) |
| 6:44 | Build | Palisade Wall |
| 6:48 | Build | House |
| 6:51 | Build | Palisade Wall |
| 6:56 | Queue | Villager (Male) |
| 7:05 | Queue | Fishing Ship |
| 7:25 | Queue | Villager (Male) |
| 7:25 | Queue | Villager (Male) |
| 7:43 | Queue | Fishing Ship |
| 7:47 | Queue | Villager (Male) |
| 8:12 | Queue | Villager (Male) |
| 8:24 | Build | House |
| 8:25 | Queue | Fishing Ship |
| 8:27 | Queue | Villager (Male) |
| 8:34 | Build | Dock |
| 8:48 | Build | House |
| 8:53 | Queue | Villager (Male) |
| 8:55 | Queue | Villager (Male) |
| 9:15 | Queue | Villager (Male) |
| 9:17 | Queue | Villager (Male) |
| 9:32 | Queue | Fishing Ship |
| 9:32 | Queue | Fishing Ship |
| 9:34 | Queue | Villager (Male) |
| 9:39 | Queue | Villager (Male) |
| 10:28 | Build | House |
| 10:33 | Queue | Fishing Ship |
| 10:34 | Queue | Fishing Ship |
| 10:52 | Research | Loom |
| 10:52 | Queue | Villager (Male) |
| 10:59 | Build | House |
| 11:05 | Build | Lumber Camp |
| 11:30 | Queue | Fishing Ship |
| 11:32 | Queue | Villager (Male) |
| 11:42 | Build | Palisade Wall |
| 11:43 | Build | Palisade Wall |
| 11:47 | Build | Mining Camp |
| 11:58 | Build | Palisade Wall |
| 12:03 | Research | Feudal Age |
| 12:05 | Queue | Villager (Male) |
| 12:07 | Queue | Fishing Ship |
| 12:16 | Build | House |
| 12:28 | Build | Palisade Wall |
| 12:32 | Research | Feudal Age |
| 12:57 | Build | Palisade Wall |
| 12:58 | Build | Palisade Wall |
| 12:59 | Build | Palisade Wall |
| 13:17 | Queue | Villager (Male) |
| 13:29 | Build | Barracks |
| 13:30 | Build | House |
| 13:41 | Queue | Fishing Ship |
| 13:54 | Build | Palisade Wall |
| 14:04 | Build | Palisade Wall |
| 14:42 | Age | Feudal Age |
| 14:46 | Build | Archery Range |
| 14:56 | Build | Blacksmith |
| 15:09 | Queue | Villager (Male) |
| 15:13 | Build | Mill |
| 15:20 | Queue | Fishing Ship |
| 15:22 | Research | Double-Bit Axe |
| 15:35 | Build | House |
| 15:36 | Queue | Villager (Male) |
| 15:50 | Build | Farm |
| 15:56 | Queue | Archer |
| 16:02 | Queue | Villager (Male) |
| 16:05 | Build | Palisade Wall |
| 16:16 | Build | Palisade Wall |
| 16:20 | Research | Castle Age |
| 16:21 | Research | Castle Age |
| 16:30 | Build | Farm |
| 17:02 | Build | Outpost |
| 17:03 | Queue | Villager (Male) |
| 17:05 | Research | Horse Collar |
| 17:06 | Research | Double-Bit Axe |
| 17:08 | Research | Tech 906 |
| 17:28 | Research | Fletching |
| 17:51 | Queue | Archer |
| 18:22 | Build | House |
| 18:23 | Build | House |
| 18:35 | Build | House |
| 18:41 | Build | Archery Range |
| 19:02 | Build | House |
| 19:07 | Age | Castle Age |
| 19:08 | Research | Bodkin Arrow |
| 19:08 | Research | Bodkin Arrow |
| 19:09 | Queue | Cavalry Archer |
| 19:09 | Queue | Cavalry Archer |
| 19:28 | Build | Farm |
| 19:29 | Research | Bow Saw |
| 19:30 | Queue | Cavalry Archer |
| 19:31 | Queue | Villager (Male) |
| 19:45 | Queue | Cavalry Archer |
| 20:02 | Queue | Villager (Male) |
| 20:10 | Queue | Villager (Male) |
| 20:18 | Build | Dock |
| 20:19 | Queue | Cavalry Archer |
| 20:20 | Queue | Villager (Male) |
| 20:33 | Queue | Cavalry Archer |
| 20:39 | Build | Palisade Gate |
| 20:44 | Queue | Villager (Male) |
| 20:47 | Research | Gold Mining |
| 20:57 | Queue | Cavalry Archer |
| 21:01 | Build | Palisade Wall |
| 21:10 | Queue | Villager (Male) |
| 21:25 | Queue | Fishing Ship |
| 21:27 | Queue | Cavalry Archer |
| 21:29 | Queue | Villager (Male) |
| 21:34 | Build | House |
| 21:42 | Build | Siege Workshop |
| 21:45 | Queue | Cavalry Archer |
| 21:46 | Queue | Villager (Male) |
| 21:54 | Research | Padded Archer Armor |
| 22:08 | Queue | Villager (Male) |
| 22:22 | Build | Town Center |
| 22:29 | Queue | Villager (Male) |
| 22:36 | Build | House |
| 22:45 | Queue | Mangonel |
| 22:46 | Queue | Villager (Male) |
| 22:50 | Queue | Cavalry Archer |
| 22:50 | Queue | Cavalry Archer |
| 22:56 | Build | House |
| 22:59 | Queue | Villager (Male) |
| 23:03 | Build | Gate |
| 23:18 | Queue | Cavalry Archer |
| 23:19 | Build | House |
| 23:20 | Queue | Villager (Male) |
| 23:25 | Build | Mining Camp |
| 23:43 | Queue | Villager (Male) |
| 23:51 | Build | House |
| 23:58 | Queue | Villager (Male) |
Match timeline
| 0:31 | Fynn.F · first_building Dock |
| 0:47 | CNZS_CC · first_building Dock |
| 0:52 | H萝卜 · first_building Dock |
| 0:59 | 夏天九号 · first_building Dock |
| 1:05 | HeavenlyChorus · first_building Dock |
| 1:19 | Mai-Naicume · first_building Dock |
| 1:24 | Coriandrum sativum · first_building Dock |
| 1:36 | Fynn.F · wall_segment Palisade Wall x1 |
| 1:37 | OX · first_building Dock |
| 1:45 | Fynn.F · wall_segment Palisade Wall x1 |
| 2:29 | Mai-Naicume · wall_segment Palisade Wall x1 |
| 2:30 | Mai-Naicume · wall_segment Palisade Wall x1 |
| 5:49 | 夏天九号 · wall_segment Palisade Wall x1 |
| 5:52 | 夏天九号 · wall_segment Palisade Wall x1 |
| 5:55 | HeavenlyChorus · wall_segment Palisade Wall x1 |
| 5:56 | HeavenlyChorus · wall_segment Palisade Wall x1 |
| 5:57 | 夏天九号 · wall_segment Palisade Wall x1 |
| 5:57 | 夏天九号 · wall_segment Palisade Wall x1 |
| 5:58 | 夏天九号 · wall_segment Palisade Wall x1 |
| 6:00 | 夏天九号 · wall_segment Palisade Wall x1 |
| 6:00 | 夏天九号 · wall_segment Palisade Wall x1 |
| 6:04 | 夏天九号 · wall_segment Palisade Wall x1 |
| 6:44 | Mai-Naicume · wall_segment Palisade Wall x1 |
| 6:51 | Mai-Naicume · wall_segment Palisade Wall x1 |
| 7:06 | 夏天九号 · wall_segment Palisade Wall x1 |
| 7:43 | OX · wall_segment Palisade Wall x1 |
| 7:44 | OX · wall_segment Palisade Wall x1 |
| 7:48 | Coriandrum sativum · wall_segment Palisade Wall x9 |
| 8:05 | OX · wall_segment Palisade Wall x4 |
| 8:07 | H萝卜 · wall_segment Palisade Wall x1 |
| 8:07 | OX · wall_segment Palisade Wall x5 |
| 8:19 | H萝卜 · wall_segment Palisade Wall x1 |
| 8:23 | HeavenlyChorus · wall_segment Palisade Wall x7 |
| 8:58 | Fynn.F · wall_segment Palisade Wall x1 |
| 9:33 | OX · wall_segment Palisade Wall x2 |
| 9:35 | OX · wall_segment Palisade Wall x4 |
| 9:48 | Coriandrum sativum · wall_segment Palisade Wall x4 |
| 10:00 | HeavenlyChorus · wall_segment Palisade Wall x6 |
| 10:00 | Fynn.F · wall_segment Palisade Wall x8 |
| 10:08 | HeavenlyChorus · wall_segment Palisade Wall x8 |
| 10:24 | OX · wall_segment Palisade Wall x1 |
| 10:30 | Fynn.F · wall_segment Palisade Wall x1 |
| 11:18 | H萝卜 · wall_segment Palisade Wall x1 |
| 11:23 | Fynn.F · wall_segment Palisade Wall x1 |
| 11:25 | Fynn.F · wall_segment Palisade Wall x1 |
| 11:26 | Fynn.F · wall_segment Palisade Wall x1 |
| 11:26 | H萝卜 · wall_segment Palisade Wall x1 |
| 11:29 | CNZS_CC · wall_segment Palisade Wall x6 |
| 11:33 | CNZS_CC · wall_segment Palisade Wall x14 |
| 11:34 | Fynn.F · wall_segment Palisade Wall x1 |
| 11:36 | Fynn.F · wall_segment Palisade Wall x1 |
| 11:36 | H萝卜 · wall_segment Palisade Wall x1 |
| 11:38 | Fynn.F · wall_segment Palisade Wall x1 |
| 11:42 | Mai-Naicume · wall_segment Palisade Wall x1 |
| 11:43 | Mai-Naicume · wall_segment Palisade Wall x3 |
| 11:48 | H萝卜 · wall_segment Palisade Wall x1 |
| 11:58 | Mai-Naicume · wall_segment Palisade Wall x3 |
| 12:02 | H萝卜 · wall_segment Palisade Wall x1 |
| 12:10 | Coriandrum sativum · wall_segment Palisade Wall x1 |
| 12:12 | CNZS_CC · wall_segment Palisade Wall x1 |
| 12:13 | CNZS_CC · wall_segment Palisade Wall x1 |
| 12:15 | CNZS_CC · wall_segment Palisade Wall x1 |
| 12:17 | CNZS_CC · wall_segment Palisade Wall x1 |
| 12:22 | H萝卜 · age_up feudal |
| 12:27 | CNZS_CC · wall_segment Palisade Wall x1 |
| 12:28 | Mai-Naicume · wall_segment Palisade Wall x10 |
| 12:29 | H萝卜 · wall_segment Palisade Wall x3 |
| 12:33 | CNZS_CC · wall_segment Palisade Wall x1 |
| 12:34 | CNZS_CC · wall_segment Palisade Wall x1 |
| 12:36 | CNZS_CC · wall_segment Palisade Wall x1 |
| 12:39 | H萝卜 · wall_segment Palisade Wall x1 |
| 12:57 | Mai-Naicume · wall_segment Palisade Wall x1 |
| 12:58 | H萝卜 · wall_segment Palisade Wall x1 |
| 12:58 | Mai-Naicume · wall_segment Palisade Wall x1 |
| 12:59 | Mai-Naicume · wall_segment Palisade Wall x1 |
| 13:00 | 夏天九号 · wall_segment Palisade Wall x1 |
| 13:06 | OX · age_up feudal |
| 13:13 | Fynn.F · wall_segment Palisade Wall x7 |
| 13:29 | Mai-Naicume · first_building Barracks |
| 13:29 | CNZS_CC · age_up feudal |
| 13:34 | Coriandrum sativum · age_up feudal |
| 13:41 | HeavenlyChorus · first_building Barracks |
| 13:54 | Mai-Naicume · wall_segment Palisade Wall x6 |
| 13:55 | Coriandrum sativum · wall_segment Palisade Wall x1 |
| 14:01 | CNZS_CC · wall_segment Palisade Wall x1 |
| 14:02 | CNZS_CC · wall_segment Palisade Wall x1 |
| 14:04 | CNZS_CC · wall_segment Palisade Wall x3 |
| 14:04 | Mai-Naicume · wall_segment Palisade Wall x12 |
| 14:09 | Fynn.F · age_up feudal |
| 14:19 | Fynn.F · wall_segment Palisade Wall x3 |
| 14:24 | HeavenlyChorus · age_up feudal |
| 14:33 | Coriandrum sativum · first_market_buy 100 food |
| 14:34 | Coriandrum sativum · first_market_sell 100 wood |
| 14:38 | HeavenlyChorus · first_building Stable |
| 14:42 | Mai-Naicume · age_up feudal |
| 14:46 | Mai-Naicume · first_building Archery Range |
| 15:16 | 夏天九号 · age_up feudal |
| 15:49 | Fynn.F · first_building Barracks |
| 16:05 | Mai-Naicume · wall_segment Palisade Wall x1 |
| 16:16 | Mai-Naicume · wall_segment Palisade Wall x3 |
| 16:23 | 夏天九号 · first_market_buy 100 food |
| 16:24 | 夏天九号 · first_market_sell 100 stone |
| 16:42 | Fynn.F · first_building Stable |
| 17:05 | OX · age_up castle |
| 17:11 | OX · first_building Castle |
| 17:11 | CNZS_CC · age_up castle |
| 17:20 | Coriandrum sativum · age_up castle |
| 17:25 | Fynn.F · age_up castle |
| 17:30 | Fynn.F · first_building Siege Workshop |
| 17:52 | Coriandrum sativum · first_building Castle |
| 18:23 | Fynn.F · wall_segment Palisade Wall x1 |
| 18:30 | HeavenlyChorus · age_up castle |
| 19:07 | Mai-Naicume · age_up castle |
| 19:20 | HeavenlyChorus · first_building Monastery |
| 19:40 | H萝卜 · age_up castle |
| 19:44 | H萝卜 · first_building Monastery |
| 19:51 | H萝卜 · wall_segment Palisade Wall x1 |
| 19:53 | H萝卜 · wall_segment Palisade Wall x1 |
| 19:54 | 夏天九号 · age_up castle |
| 20:00 | Fynn.F · first_building Monastery |
| 20:15 | Coriandrum sativum · first_building Siege Workshop |
| 20:24 | OX · first_building Siege Workshop |
| 20:38 | 夏天九号 · wall_segment Stone Wall x1 |
| 20:40 | 夏天九号 · wall_segment Stone Wall x6 |
| 20:56 | 夏天九号 · wall_segment Palisade Wall x1 |
| 20:57 | 夏天九号 · wall_segment Palisade Wall x1 |
| 21:01 | Mai-Naicume · wall_segment Palisade Wall x2 |
| 21:04 | 夏天九号 · first_building Barracks |
| 21:08 | Fynn.F · first_market_buy 100 food |
| 21:26 | CNZS_CC · wall_segment Palisade Wall x1 |
| 21:29 | CNZS_CC · wall_segment Palisade Wall x1 |
| 21:42 | Mai-Naicume · first_building Siege Workshop |
| 21:57 | 夏天九号 · wall_segment Palisade Wall x6 |
| 22:27 | H萝卜 · first_market_buy 100 wood |
| 22:36 | OX · first_building Monastery |
| 23:04 | 夏天九号 · wall_segment Palisade Wall x3 |
| 23:05 | CNZS_CC · wall_segment Stone Wall x14 |
| 23:05 | 夏天九号 · wall_segment Palisade Wall x2 |
| 23:09 | 夏天九号 · wall_segment Palisade Wall x1 |
| 24:43 | CNZS_CC · first_market_buy 100 stone |
| 25:32 | CNZS_CC · first_building Castle |
| 26:02 | HeavenlyChorus · first_market_buy 100 stone |
| 26:33 | HeavenlyChorus · first_market_sell 100 food |
| 26:41 | H萝卜 · first_building Barracks |
| 26:46 | CNZS_CC · first_market_sell 100 wood |
| 26:53 | HeavenlyChorus · first_building Castle |
| 27:22 | H萝卜 · first_building Stable |
| 27:54 | CNZS_CC · first_building Barracks |
| 28:21 | 夏天九号 · first_building Stable |
| 28:30 | OX · first_market_sell 100 food |
| 28:32 | H萝卜 · first_building Castle |
| 28:45 | H萝卜 · first_market_sell 500 food |
| 29:02 | Coriandrum sativum · resign |
[ AI ANALYSIS · 1 CREDIT ]
What really happened in this match?
Wolo.gg analyzes every decision: build order, eco, micro, common mistakes by bracket. Personalized analysis on WhatsApp or Discord in 30 seconds.
Civ guide
Poles
Perfil
Jugador #208757